 Dungeon Crawl Stone Soup version 0.19-a0-330-g034cfd4 (webtiles) character file.

593 Gorice the Cudgeler (level 7, -9/52 HPs)
             Began as a Mummy Chaos Knight on May 28, 2016.
             Mangled by Dowan the warg (12 damage)
             ... on level 3 of the Dungeon.
             The game lasted 00:14:40 (3838 turns).

Gorice the Cudgeler (Mummy Chaos Knight)            Turns: 3838, Time: 00:14:41

Health: -9/52      AC: 11    Str: 17    XL:     7   Next: 16%
Magic:  7/7        EV:  5    Int: 12    God:    Xom [....*.]
Gold:   269        SH:  0    Dex: 11    Spells: 0 memorised, 6 levels left

rFire  x . .     SeeInvis .     a - +0 mace (chaos)
rCold  + . .     Gourm    .     y - +0 plate armour
rNeg   + + +     Faith    .     (no shield)
rPois  ∞         Spirit   .     (no helmet)
rElec  .         Dismiss  .     (no cloak)
rCorr  .         Reflect  .     (no gloves)
SustAt .         Harm     .     (no boots)
MR     .....                    t - amulet of regeneration
Stlth  ..........               (no ring)
                                (no ring)

@: not resistant to hostile enchantments, extremely unstealthy
A: no food or potions, fire vulnerability, cold resistance 1, negative energy
resistance 3, torment resistance, unbreathing
a: Renounce Religion


You were on level 3 of the Dungeon.
You worshipped Xom.
You were a beloved toy of Xom.
You were not hungry.

You visited 1 branch of the dungeon, and saw 4 of its levels.

You collected 269 gold pieces.

Inventory:

Hand Weapons
 a - a +0 mace of chaos (weapon)
 b - a +0 hunting sling
 k - a +1 dagger of venom
   (You found it on level 2 of the Dungeon)
 o - a cursed -3 dagger
 x - a +0 flail
 B - a +0 blowgun
Missiles
 m - 7 sling bullets
 r - 4 curare-tipped needles
 s - 13 poisoned needles
 X - 6 tomahawks of dispersal
 Y - 2 javelins of penetration
 Z - 116 stones (quivered)
Armour
 f - a +0 ring mail
 h - a +0 buckler
 j - a +2 leather armour
 y - a +0 plate armour (worn)
Jewellery
 t - an amulet of regeneration (around neck)
Wands
 A - a wand of lightning (1/15)
Scrolls
 c - a scroll of fog
 d - 3 scrolls of remove curse
 e - a scroll of teleportation {!r}
 g - 3 scrolls of recharging
 i - a scroll of amnesia
 l - 2 scrolls of blinking
 n - 2 scrolls of random uselessness
 p - a scroll of noise {!r}
 q - a scroll of enchant armour
 u - a scroll of fear {unknown}
 w - a scroll of immolation {unknown}
 C - a scroll of enchant weapon {unknown}
Books
 v - an Akashic Record
 z - a book of Battle


   Skills:
 - Level 3.0 Fighting
 * Level 6.5 Maces & Flails
 + Level 2.7 Armour
 - Level 0.7 Dodging


You had 6 spell levels left.
You didn't know any spells.

Dungeon Overview and Level Annotations

Branches:
Dungeon (4/15)
 Temple: D:4-7

Altars:
Hepliaklqana

Annotations:
D:3 Dowan; Zebura's ghost, amateur MiFi


Innate Abilities, Weirdness & Mutations

You do not eat or drink.
Your flesh is vulnerable to fire.
You are immune to poison.
Your flesh is cold resistant. (rC+)
You are immune to negative energy. (rN+++)
You are immune to unholy pain and torment.
You can survive without breathing.


Message History

Unknown command.
Unknown command.
Unknown command.
Xom asks Qazlal to spice things up a little.
Evoke which item? (* to show all) (? for menu, Esc to quit)
Zapping:
A - a wand of lightning (3/15)
Press: ? - help, Shift-Dir - straight line, f - Dowan
Aim: Dowan the warg (black smoke, heavily wounded)
You hear a mighty clap of thunder!
The bolt of lightning hits Dowan.
Dowan is severely wounded.
This wand has 2 charges left.
Dowan closely misses you.
Unknown command.
You closely miss Dowan.
Dowan is severely wounded.
Dowan bites you.
* * * LOW HITPOINT WARNING * * *
Dowan bites you but does no damage.
Damage: 5 (max 15)
Your plate armour prevents you from hitting Dowan.
Dowan is severely wounded.
Dowan bites you.
* * * LOW HITPOINT WARNING * * *
You hit Dowan.
You feel sick.
Dowan is severely wounded.
Dowan stops to sniff the ground.
Dowan bites you but does no damage. Dowan barely misses you.
Evoke which item? (* to show all) (? for menu, Esc to quit)
Zapping:
A - a wand of lightning (2/15)
Press: ? - help, Shift-Dir - straight line, f/p - Dowan
Aim: Dowan the warg (black smoke, severely wounded)
You hear a mighty clap of thunder!
The bolt of lightning misses Dowan.
This wand has 1 charge left.
You hear a shout!
Dowan bites you but does no damage.
Unknown command.
You hit Dowan but do no damage.
Dowan is severely wounded.
Dowan bites you!
* * * LOW HITPOINT WARNING * * *
Damage: 12 (max 15)
You hit Dowan but do no damage.
Dowan is severely wounded.
Xom titters.
Dowan looks rather confused.
Dowan seems less confused.
Dowan bites you but does no damage.
You closely miss Dowan.
Dowan is severely wounded.
Dowan bites you!
You die...

############
..........>#
##.#######.# ##.# #.#
##!# ###.#########
##.#
##..%....§§§.########
##.#
#..#.#.###§§........#
##.####.##.#.#
#§§§######.#
........##.#.# #@h.#
#.#
...#######.#.###...#
###.#
.#########...o.)...#
#...#
.............####..#
#.### ########.###.#
#..# #.#
########.###>##
#..####.#
..............#
#....!..#######
########.###..#
#.............#
########......#
######..#####.#


You could see Dowan the warg.

Vanquished Creatures
  A naga (D:3)
  Duvessa (D:4)
  Jessica (D:3)
  3 worker ants (D:4)
  15 adders
  An ooze (D:3)
  4 worms
  2 dart slugs (D:1)
  A giant gecko (D:3)
  3 orcs
  4 ball pythons
  2 giant cockroaches
  9 goblins
  10 hobgoblins
  5 jackals
  6 kobolds
  4 quokkas
  6 bats
  6 giant newts
  9 rats
93 creatures vanquished.

Vanquished Creatures (others)
  A phantom (D:2)
1 creature vanquished.

Grand Total: 94 creatures vanquished

Notes
Turn   | Place    | Note
--------------------------------------------------------------
     0 | D:1      | Gorice the Mummy Chaos Knight began the quest for the Orb.
     0 | D:1      | Reached XP level 1. HP: 18/18 MP: 1/1
   159 | D:1      | Reached XP level 2. HP: 19/24 MP: 2/2
   176 | D:1      | Reached skill level 3 in Maces & Flails
   264 | D:1      | XOM: harmless Ice miscast
   479 | D:1      | XOM: mild Necr miscast
   727 | D:1      | XOM: harmless Necr miscast
   850 | D:2      | XOM: confuse monster(s)
   853 | D:2      | Reached XP level 3. HP: 23/29 MP: 3/3
  1211 | D:2      | Reached skill level 4 in Maces & Flails
  1298 | D:2      | Reached XP level 4. HP: 27/35 MP: 4/4
  1465 | D:2      | XOM is BORED!
  1465 | D:2      | XOM: noise
  1768 | D:3      | XOM: silly message
  1902 | D:3      | XOM: god gift: scroll of noise
  1930 | D:3      | Noticed Jessica
  1935 | D:3      | XOM: enchant monster (good)
  1942 | D:3      | Killed Jessica
  1992 | D:3      | Reached XP level 5. HP: 31/41 MP: 5/5
  2082 | D:3      | XOM: medium Erth miscast
  2218 | D:3      | XOM: confusion (+ monsters)
  2275 | D:3      | Reached skill level 5 in Maces & Flails
  2279 | D:3      | Noticed a naga
  2279 | D:3      | a scorpion changed into a naga
  2279 | D:3      | XOM: polymorph scorpion -> naga
  2283 | D:3      | HP: 10/41 [naga (11)]
  2284 | D:3      | XOM: mild Tloc miscast
  2285 | D:3      | Noticed a spatial vortex
  2287 | D:3      | XOM: god gift: mace {god gift}
  2521 | D:3      | Noticed an ogre
  2539 | D:2      | XOM: noise
  2811 | D:4      | Found a hazy altar of Hepliaklqana.
  2853 | D:4      | HP: 12/41 [worker ant (2)]
  2854 | D:4      | HP: 5/41 [worker ant (3)]
  3032 | D:4      | XOM: potion effect (brilliance)
  3038 | D:4      | Reached XP level 6. HP: 47/47 MP: 6/6
  3136 | D:4      | XOM: divination: magic mapping
  3191 | D:4      | Noticed Duvessa
  3191 | D:4      | Noticed Dowan
  3428 | D:3      | Reached skill level 2 in Armour
  3450 | D:3      | XOM: confuse monster(s)
  3459 | D:3      | Noticed Zebura's ghost (amateur MiFi)
  3462 | D:3      | XOM: fog
  3500 | D:3      | Killed a naga
  3500 | D:3      | Reached skill level 6 in Maces & Flails
  3525 | D:3      | XOM: destruction
  3538 | D:3      | HP: 8/47 [something (12)]
  3570 | D:2      | XOM: divination: detect creatures
  3682 | D:3      | XOM: harmless Chrm miscast
  3791 | D:4      | XOM: smoke on damage
  3800 | D:4      | Killed Duvessa
  3800 | D:4      | Reached XP level 7. HP: 52/52 MP: 7/7
  3802 | D:4      | Noticed Dowan
  3802 | D:4      | Dowan changed into Dowan the worm
  3802 | D:4      | XOM: polymorph Dowan -> Dowan the worm
  3812 | D:4      | Noticed Dowan
  3812 | D:4      | Dowan the worm changed into Dowan the warg
  3817 | D:4      | HP: 13/52 [Dowan the warg (9)]
  3826 | D:3      | HP: 15/52 [Dowan the warg (2)]
  3828 | D:3      | XOM: fog
  3831 | D:3      | HP: 12/52 [Dowan the warg (1)]
  3834 | D:3      | HP: 1/52 [Dowan the warg (13)]
  3835 | D:3      | XOM: confuse monster(s)
  3838 | D:3      | Mangled by Dowan the warg

Vault maps used:
D:1:      mrwooster_arrival_statue_2
D:3:      minmay_joined_circles, uniq_jessica
D:4:      old_standard_altar, led_sif_pool, uniq_blork_the_orc, uniq_duvessa,
          uniq_robin

Skill      XL: |  1  2  3  4  5  6 |
---------------+-------------------+-----
Maces & Flails | 3 4 5 6 |  6.5
Armour         | 2 |  2.7
Fighting       | |  3.0
Dodging        | |  0.7

Action                   |  1- 3 |  4- 6 |  7- 9 || total
-------------------------+-------+-------+-------++-------
Melee: Mace              |    87 |   271 |    15 ||   373
 Fire: Hunting sling     |    12 |       |       ||    12
Throw: Javelin           |       |     1 |       ||     1
Evoke: Wand              |       |     2 |     3 ||     5
  Use: Scroll            |     4 |     6 |       ||    10
 Stab: Paralysed         |       |     4 |       ||     4
       Petrified         |       |     2 |       ||     2
       Confused          |       |     1 |       ||     1
Armor: Leather armour    |    40 |    57 |       ||    97
       Plate armour      |       |    63 |    10 ||    73
Dodge: Dodged            |    70 |   121 |     4 ||   195

Table legend:
 A = Turns spent in this place as a percentage of turns spent in the entire game.
 B = Non-inter-level travel turns spent in this place as a percentage of non-inter-level travel turns spent in the entire game.
 C = Inter-level travel turns spent in this place as a percentage of turns spent in this place.
 D = Turns resting spent in this place as a percentage of non-inter-level travel turns spent in this place.
 E = Turns spent auto-exploring this place as a percentage of non-inter-level travel turns spent in this place.
 F = Non-inter-level travel turns spent in this place divided by the number of levels of this place that you've seen.
                   A       B       C       D       E      F
               +-------+-------+-------+-------+-------+----------------------
         Total | 100.0 | 100.0 |   0.8 |   1.8 |   6.4 | 385.2
       Dungeon | 100.0 | 100.0 |   0.8 |   1.8 |   6.4 | 385.2
               +-------+-------+-------+-------+-------+----------------------

Vault maps used:
D:1:      mrwooster_arrival_statue_2
D:3:      minmay_joined_circles, uniq_jessica
D:4:      old_standard_altar, led_sif_pool, uniq_blork_the_orc, uniq_duvessa,
          uniq_robin
